AoeStats
← CazadorGT

Black Forest

505726693Analyzed
4v4 RM · 23d ago on Sep 10, 2026· 46m 14s· 8 players
Game mode
Random Map
Map size
Large (8 player)
Population
200
Speed
Normal
Resources
Standard
Victory
Conquest
Starting age
Dark Age
Ending age
Imperial Age
RankedLock teamsTeams togetherTeam positionsShared explorationLock speedFull tech treeHidden civsTurbo modeCheats
Victory
Defeat
🇮🇳 Turks · India
1124
+14
🇵🇱 Aztecs · Poland
1119
+14
🇹🇷 Khmer · Türkiye
1103
+14
🇧🇷 Romans · Brazil
1059
+16
🇬🇹 Turks · Guatemala
1096
-15
🇺🇸 Chinese · United States
1078
-15
🇬🇧 Goths · United Kingdom
1075
-15
🇺🇸 Romans · United States
1024
-13
Blake Beartles
0:30 Loom
13:12 Feudal Age
17:48 Castle Age
17:47 Horse Collar
17:54 Double-Bit Axe
20:07 Heavy Plow
22:03 Fletching
23:42 Bow Saw
25:24 Bodkin Arrow
26:40 Wheelbarrow
25:34 Crossbowman
27:19 Thumb Ring
29:32 Gold Mining
33:39 Imperial Age
32:28 Gold Shaft Mining
33:50 Ballistics
35:44 Chemistry
34:10 Arbalester
35:16 Stone Mining
36:15 Bracer
小虾米
0:28 Loom
13:37 Feudal Age
14:10 Double-Bit Axe
14:08 Horse Collar
18:52 Castle Age
18:12 Wheelbarrow
18:13 Stone Mining
19:52 Bow Saw
19:44 Heavy Plow
21:33 Hand Cart
29:22 Gold Mining
31:33 Gold Shaft Mining
36:17 Imperial Age
33:49 Scale Mail Armor
33:59 Forging
33:50 Murder Holes
33:31 Man-at-Arms
33:31 Pikeman
34:12 Squires
35:13 Chain Mail Armor
34:22 Long Swordsman
36:22 Iron Casting
36:20 Legionary
36:21 Halberdier
36:39 Capped Ram
37:59 Siege Ram
40:09 Conscription
39:20 Sappers
41:01 Elite Skirmisher
42:43 Blast Furnace
41:33 Fletching
41:43 Padded Archer Armor
42:48 Chemistry
41:58 Fortified Wall
42:09 Ballistics
ben.jack.beevers
0:26 Loom
12:16 Feudal Age
17:06 Castle Age
16:20 Double-Bit Axe
16:29 Horse Collar
19:25 Forging
19:16 Scale Mail Armor
20:45 Wheelbarrow
22:27 Bow Saw
22:19 Man-at-Arms
24:31 Long Swordsman
25:58 Iron Casting
26:34 Squires
27:49 Heavy Plow
30:11 Hand Cart
29:56 Gold Mining
29:57 Stone Mining
36:02 Imperial Age
33:53 Anarchy
35:47 Pikeman
36:12 Two-Handed Swordsman
36:26 Halberdier
37:12 Elite Huskarl
38:12 Conscription
37:53 Champion
38:57 Perfusion
38:20 Halberdier
CazadorGT
3:15 Loom
13:05 Feudal Age
17:57 Castle Age
17:51 Fletching
20:09 Bodkin Arrow
24:38 Double-Bit Axe
24:35 Horse Collar
27:48 Imperial Age
29:53 Padded Archer Armor
34:52 Leather Archer Armor
39:20 Ring Archer Armor
40:25 Wheelbarrow
CapitaoPlaneta
1:18 Loom
12:42 Feudal Age
13:20 Double-Bit Axe
18:57 Castle Age
16:32 Man-at-Arms
21:26 Bow Saw
22:29 Horse Collar
22:40 Fletching
24:17 Scale Mail Armor
24:48 Forging
25:37 Long Swordsman
27:26 Gold Mining
32:13 Gold Shaft Mining
33:13 Town Watch
34:56 Wheelbarrow
43:19 Hand Cart
44:55 Heavy Plow
EtZeL
2:33 Loom
9:44 Feudal Age
14:49 Castle Age
13:48 Double-Bit Axe
15:20 Town Watch
17:07 Horse Collar
21:24 Wheelbarrow
25:03 Heavy Plow
25:37 Caravan
26:13 Bow Saw
27:48 Hand Cart
30:49 Imperial Age
29:08 Town Patrol
29:45 Scale Mail Armor
29:39 Fletching
29:47 Gold Mining
29:51 Stone Mining
30:07 Pikeman
31:04 Chain Mail Armor
31:00 Forging
31:11 Bodkin Arrow
31:16 Heavy Scorpion
31:20 Halberdier
31:47 Arson
32:06 Padded Archer Armor
33:30 Scale Barding Armor
32:50 Light Cavalry
33:21 Capped Ram
34:40 Iron Casting
34:18 Bloodlines
34:10 Husbandry
33:38 Elite Battle Elephant
35:04 Chain Barding Armor
35:15 Hussar
36:17 Bracer
37:18 Blast Furnace
37:14 Leather Archer Armor
38:08 Plate Barding Armor
37:35 Siege Ram
38:22 Tusk Swords
39:00 Conscription
42:24 Chemistry
42:46 Ring Archer Armor
45:28 Double Crossbow
46:05 Hoardings
46:10 Elite Ballista Elephant
findingmontoo7
5:52 Loom
11:54 Feudal Age
18:08 Castle Age
16:16 Horse Collar
16:52 Double-Bit Axe
17:38 Gold Mining
19:37 Bow Saw
20:14 Heavy Plow
23:17 Wheelbarrow
24:35 Town Watch
28:56 Imperial Age
26:54 Fletching
27:42 Bodkin Arrow
28:45 Gold Shaft Mining
28:34 Ballistics
28:45 Hand Cart
29:07 Padded Archer Armor
29:42 Bracer
30:07 Thumb Ring
31:32 Parthian Tactics
31:46 Leather Archer Armor
32:01 Heavy Cavalry Archer
34:05 Ring Archer Armor
36:14 Bloodlines
36:05 Husbandry
38:29 Scale Barding Armor
38:35 Forging
41:59 Sipahi
41:59 Conscription
43:09 Artillery
44:01 Chain Barding Armor
44:17 Iron Casting
mnich_bor
0:27 Loom
12:44 Feudal Age
13:35 Double-Bit Axe
13:31 Horse Collar
21:14 Castle Age
19:55 Stone Mining
19:55 Gold Mining
22:56 Bow Saw
22:53 Heavy Plow
23:28 Caravan
28:31 Forging
28:21 Scale Mail Armor
28:11 Fletching
28:27 Padded Archer Armor
30:41 Wheelbarrow
29:52 Town Watch
30:31 Pikeman
30:32 Eagle Warrior
34:34 Imperial Age
32:08 Bodkin Arrow
32:48 Iron Casting
32:35 Chain Mail Armor
32:44 Leather Archer Armor
35:09 Ballistics
34:36 Elite Jaguar Warrior
36:08 Gold Shaft Mining
36:08 Stone Shaft Mining
36:05 Crop Rotation
36:51 Chemistry
36:20 Hand Cart
37:48 Blast Furnace
37:18 Plate Mail Armor
36:52 Bracer
37:16 Fortified Wall
37:02 Murder Holes
37:15 Siege Engineers
36:52 Treadmill Crane
38:17 Garland Wars
41:10 Atlatl
41:33 Conscription
41:35 Squires
41:23 Arson
41:42 Town Patrol
41:38 Guard Tower
41:36 Arrowslits
41:44 Heated Shot
42:16 Elite Eagle Warrior
42:18 Man-at-Arms
42:43 Gambesons
43:03 Long Swordsman
44:19 Fervor
44:10 Atonement
44:21 Redemption
44:11 Devotion
44:36 Illumination
44:27 Block Printing
44:33 Sanctity
Connection lost

Rejoining the realm…

Still unreachable

The connection could not be restored.

Session expired

The server has moved on; the page needs a fresh start.